Map: Lost and Found LE

Players

HyjiNx

  • Race: Zerg Zerg
  • League: Diamond
  • Spawn Location: 1:00

Nordy - Winner!

  • Race: Protoss Protoss
  • League: Diamond
  • Spawn Location: 7:00

VOD

Have the link to the VOD?

Description

Time

  • Played on: July 9, 2018, 6:35 p.m.
  • Length: 14:28
Show
View Real Time Build Order
Export as new Build Order

HyjiNx Zerg 

Build Orders: Hatch First, Lurkers 

Get SALT Encoding   

  12  0:01  Drone  
  13  0:13  Overlord  
  13  0:17  Drone  
  14  0:32  Drone x2  
  16  0:37  Drone  
  17  0:57  Drone x2, Hatchery  
  18  1:09  Extractor  
  17  1:14  Spawning Pool  
  17  1:16  Drone  
  17  1:19  Drone  
  18  1:29  Drone  
  19  1:41  Overlord  
  19  2:02  Queen, Zergling x4  
  23  2:09  Queen  
  23  2:10  Drone  
  23  2:12  Metabolic Boost  
  23  2:14  Drone  
  27  2:26  Drone  
  27  2:28  Drone  
  29  2:30  Drone  
  29  2:35  Overlord  
  30  2:37  Queen  
  32  2:44  Drone  
  32  3:07  Drone x2  
  32  3:12  Hatchery  
  33  3:13  Drone x2  
  33  3:15  Spore Crawler  
  33  3:16  Drone  
  34  3:20  Drone  
  34  3:21  Drone x2  
  37  3:29  Drone x3, Spore Crawler  
  37  3:31  Drone  
  40  3:36  Zergling x2  
  40  3:37  Zergling x2  
  40  3:40  Zergling x2  
  43  3:46  Zergling x2, Overlord  
  44  3:50  Extractor  
  44  3:51  Drone  
  44  3:52  Extractor  
  44  3:53  Overlord  
  44  3:54  Drone  
  44  3:58  Lair  
  44  4:09  Drone  
  46  4:10  Drone x2  
  46  4:11  Drone x2  
  46  4:15  Roach Warren, Drone x2  
  49  4:26  Drone  
  49  4:27  Drone x2  
  52  4:31  Drone x2  
  52  4:32  Extractor  
  52  4:34  Evolution Chamber  
  52  4:43  Drone  
  52  4:44  Overlord  
  53  4:46  Queen, Drone x3  
  56  4:57  Glial Reconstitution  
  56  4:59  Overlord x3  
  56  5:00  Zerg Missile Weapons Level 1  
  56  5:04  Drone  
  57  5:16  Overlord  
  57  5:18  Roach x5  
  57  5:19  Roach  
  57  5:20  Drone  
  70  5:23  Spore Crawler  
  70  5:24  Drone  
  70  5:32  Hydralisk Den, Drone  
  70  5:35  Drone  
  71  5:36  Drone x5  
  76  5:46  Overlord  
  75  5:50  Drone  
  75  5:51  Overlord  
  75  5:52  Overlord  
  75  5:53  Overlord  
  75  5:56  Evolution Chamber  
  75  5:59  Drone x2  
  75  6:00  Overlord x2  
  75  6:03  Drone x2  
  79  6:05  Drone x3  
  82  6:17  Muscular Augments  
  82  6:19  Drone, Hatchery  
  82  6:21  Drone  
  82  6:22  Drone, Extractor x2  
  82  6:29  Drone x2  
  82  6:30  Drone x2  
  82  6:31  Drone  
  87  6:34  Drone  
  88  6:40  Spine Crawler  
  88  6:41  Spine Crawler  
  88  6:46  Drone  
  87  6:49  Overlord  
  87  6:54  Zerg Missile Weapons Level 2  
  87  6:58  Zerg Ground Armor Level 1  
  87  7:01  Lurker Den  
  87  7:02  Hydralisk  
  87  7:03  Hydralisk x6  
  87  7:05  Hydralisk  
  102  7:11  Hydralisk x2  
  106  7:19  Hydralisk  
  106  7:20  Hydralisk x2  
  112  7:24  Hydralisk x3  
  112  7:29  Hydralisk x3, Grooved Spines  
  124  7:37  Overlord x3  
  124  7:40  Drone  
  126  7:51  Drone  
  126  7:55  Queen  
  128  8:02  Infestation Pit  
  128  8:05  Drone x2  
  128  8:08  Drone x4, Extractor  
  128  8:10  Extractor  
  131  8:23  Hydralisk x7  
  131  8:24  Hydralisk x4  
  153  8:35  Hydralisk x3  
  153  8:38  Hydralisk x2  
  153  8:40  Lurker x4  
  167  8:46  Overlord x3  
  167  8:47  Overlord x3  
  167  8:58  Overlord  
  167  9:04  Spore Crawler  
  167  9:06  Spine Crawler, Drone x2  
  167  9:07  Spine Crawler  
  167  9:09  Hydralisk x6  
  178  9:17  Hydralisk x2  
  166  9:32  Hydralisk x2  
  166  9:34  Hydralisk x2  
  166  9:37  Hatchery  
  151  9:49  Hydralisk x2  
  151  9:50  Hydralisk x4  
  151  9:53  Hydralisk  
  151  9:55  Hydralisk  
  151  9:57  Hydralisk  
  151  9:58  Hydralisk  
  156  10:01  Zergling x4  
  156  10:03  Hydralisk  
  156  10:06  Hydralisk x2  
  136  10:12  Hydralisk x2  
  140  10:17  Zergling x10  
  140  10:19  Zergling x2  
  135  10:24  Zergling x2  
  135  10:25  Hydralisk, Zergling x4  
  130  10:33  Lurker x4  
  130  10:34  Lurker x2  
  130  10:35  Zergling x2  
  137  10:36  Zergling x4  
  137  10:40  Drone x2  
  137  10:41  Drone  
  142  10:49  Queen  
  143  10:50  Drone  
  143  10:51  Hydralisk x2  
  143  10:52  Hydralisk  
  151  10:59  Hydralisk  
  151  11:00  Hydralisk x3  
  151  11:02  Hydralisk  
  161  11:04  Hydralisk  
  161  11:07  Hydralisk  
  164  11:18  Hydralisk  
  164  11:19  Hydralisk x5  
  164  11:22  Hydralisk  
  164  11:25  Hydralisk  
  144  11:28  Hydralisk x2  
  136  11:35  Hydralisk x3  
  136  11:38  Hydralisk  
  136  11:39  Hydralisk  
  146  11:46  Hydralisk x2  
  146  11:47  Hydralisk  
  141  11:48  Zergling x2  
  141  11:49  Zergling x4  
  148  12:03  Drone x2  
  148  12:07  Hydralisk x3  
  156  12:12  Hydralisk x4  
  164  12:17  Hydralisk x2  
  168  12:25  Hydralisk x4  
  168  12:28  Zergling x6  
  179  12:32  Zergling x8  
  179  12:34  Zergling x2  
  153  12:39  Hydralisk x2  
  153  12:40  Hydralisk  
  153  12:42  Zergling x4  
  151  12:46  Hydralisk  
  151  12:47  Baneling Nest  
  151  12:50  Lurker x3  
  151  12:51  Lurker  
  154  12:52  Lurker  
  154  12:55  Hydralisk x2  
  158  12:58  Hydralisk  
  158  13:03  Hydralisk x2  
  158  13:04  Hydralisk  
  143  13:11  Hydralisk x3  
  127  13:12  Hydralisk  
  127  13:18  Hydralisk x3  
  118  13:20  Zergling x2  
  118  13:25  Zergling x4  
  118  13:31  Hydralisk  
  112  13:38  Hydralisk  
  109  13:46  Hydralisk x3  
  109  13:47  Hydralisk  
  116  13:54  Hydralisk x2  
  112  14:01  Hydralisk x2  
  114  14:03  Hydralisk x2  
  114  14:07  Zergling x2  
Show
View Real Time Build Order
Export as new Build Order

Nordy Protoss - Winner!

Build Orders: 1 Gate Expand, Oracle Opening, Phoenix Opening, Zealot Archon 

Get SALT Encoding   

  12  0:01  Probe  
  13  0:13  Probe  
  14  0:19  Pylon  
  14  0:25  Probe  
  15  0:35  Probe  
  15  0:38  Gateway  
  16  0:43  Probe  
  16  0:48  Assimilator  
  17  0:51  Probe  
  18  1:04  Probe  
  19  1:16  Probe  
  20  1:26  Nexus  
  20  1:37  Cybernetics Core  
  20  1:42  Assimilator  
  20  1:45  Probe  
  21  1:52  Pylon  
  21  1:57  Probe  
  22  2:05  Adept  
  22  2:09  Probe  
  25  2:18  Stargate  
  25  2:22  Probe  
  26  2:27  Warp Gate  
  26  2:30  Adept  
  29  2:37  Probe  
  29  2:39  Probe  
  30  2:45  Gateway  
  30  2:55  Probe x2  
  32  3:04  Oracle  
  31  3:18  Probe x2  
  36  3:21  Sentry  
  38  3:30  Probe x2  
  40  3:38  Probe  
  40  3:39  Probe  
  40  3:44  Phoenix  
  40  3:48  Probe, Gateway  
  44  3:50  Gateway  
  44  3:51  Gateway  
  45  3:55  Probe  
  45  3:57  Twilight Council  
  46  4:09  Pylon  
  46  4:14  Assimilator  
  46  4:16  Assimilator  
  46  4:20  Pylon  
  46  4:27  Probe x2  
  48  4:35  Probe x2  
  48  4:43  Probe x2  
  50  4:54  Probe x2  
  52  5:06  Probe x2  
  54  5:08  Robotics Facility  
  54  5:10  Gateway  
  54  5:11  Gateway  
  54  5:12  Gateway  
  54  5:15  Nexus  
  54  5:19  Pylon  
  54  5:22  Pylon  
  54  5:26  Templar Archives  
  54  5:27  Adept x2  
  58  5:28  Charge  
  58  5:30  Probe x2  
  60  5:39  Forge  
  60  5:42  Probe x2  
  62  5:53  Adept x3  
  62  5:54  Probe x2  
  70  6:06  Probe x2  
  72  6:18  Probe x2  
  72  6:21  High Templar x2  
  78  6:26  Protoss Ground Weapons Level 1  
  78  6:30  Psionic Storm  
  78  6:35  Pylon  
  78  6:36  Archon  
  78  6:37  Zealot x4  
  78  6:38  Zealot x2, Pylon  
  90  6:40  Probe, Pylon  
  90  6:41  Probe x2  
  93  6:49  Forge  
  93  6:52  Pylon  
  93  6:54  Observer  
  94  7:04  Probe  
  94  7:05  Probe x2  
  94  7:07  High Templar x2  
  101  7:09  Zealot x3  
  107  7:16  Probe  
  107  7:17  Probe x2  
  107  7:19  Assimilator  
  107  7:21  Assimilator  
  107  7:22  Protoss Ground Armor Level 1  
  110  7:23  Shield Battery  
  110  7:25  Shield Battery  
  110  7:29  Probe x3  
  113  7:35  Gateway  
  113  7:36  Gateway, Immortal  
  117  7:41  Probe x2  
  119  7:46  Probe  
  118  7:52  High Templar  
  118  7:53  Probe x2, High Templar  
  118  7:54  Zealot x2  
  118  7:58  Probe  
  125  8:02  Pylon  
  125  8:03  Pylon  
  125  8:06  Robotics Facility  
  125  8:11  Pylon  
  125  8:12  Pylon  
  125  8:16  Nexus  
  125  8:18  Pylon  
  125  8:20  Probe x3  
  128  8:30  Zealot x4  
  128  8:31  Zealot x2  
  138  8:49  Immortal  
  138  8:53  Warp Prism  
  129  8:56  High Templar x4  
  129  8:57  High Templar x2  
  129  9:00  Protoss Ground Weapons Level 2  
  147  9:12  Gateway  
  147  9:20  Gateway  
  147  9:23  Gateway, Archon  
  147  9:24  High Templar  
  147  9:25  Gateway  
  147  9:26  Gateway  
  147  9:28  Gateway  
  147  9:30  Gateway  
  125  9:39  Observer  
  125  9:43  Zealot x2  
  125  9:44  Zealot x6  
  125  9:45  Zealot  
  144  9:51  Archon x2  
  97  10:09  Zealot  
  97  10:10  Zealot x5  
  97  10:11  Zealot x4  
  103  10:16  Immortal x2  
  109  10:39  Pylon  
  109  10:42  Pylon  
  105  10:43  High Templar  
  105  10:44  High Templar x5, Pylon  
  105  10:45  High Templar, Immortal  
  105  10:46  Zealot x2, Immortal  
  105  10:47  Zealot x6  
  105  10:48  Zealot  
  105  10:49  Archon  
  137  10:50  Archon  
  137  10:52  Archon, Protoss Ground Armor Level 2  
  145  11:08  Zealot  
  147  11:12  High Templar  
  147  11:13  Zealot  
  147  11:14  Zealot x5  
  161  11:23  Zealot x3  
  161  11:24  Zealot x2  
  161  11:25  Zealot  
  132  11:45  Zealot x3  
  132  11:46  Zealot x5  
  140  11:58  High Templar x5  
  146  12:02  Archon x2  
  146  12:04  Immortal  
  146  12:05  Warp Prism  
  152  12:10  Zealot  
  152  12:11  Zealot  
  140  12:40  Warp Prism  
  142  12:44  Zealot x3  
  142  12:45  Zealot x2  
  142  12:46  Zealot x2  
  126  13:15  Zealot x6  
  126  13:16  Zealot x5  
  126  13:17  Zealot x3  
  145  13:28  Oracle, Observer  
  125  14:04  Zealot  
  125  14:05  Zealot x6  
  125  14:06  Zealot x5  
  129  14:23  High Templar x4  
Tags
 
Add a new tag
Caveats
  • Supply blocks, unpowered buildings, or Contaminate may cause inaccurate times.
  • Supply counts are checked every 10 seconds.